← All builds
Tech / Armada / Economy first / OBSERVED BUILD

Standard tech

Armada Tech (Eco) build order · Supreme Isthmus

Rushes the T2 bot lab and advanced metal extractors while supplying teammates with constructors, scaling eco through the standard Citadel/Umbrella/Platypus transition.

Usually first T2 con to Geo (83%)

#t2 #eco #team support · 1662 distinct matches · 259 players · 60% of Armada Tech games · team won 54% of 1977 · Recently observed

HOW TO PLAY IT

Key timing: T2 factory by 4:15

  1. Open 3 mex and heavy wind to fund a fast T2 rush.
  2. Put down Bot Lab, planning to eat it for reclaim soon after.
  3. Get Advanced Bot Lab up, hitting the T2 factory rush timing.
  4. Upgrade mex to Advanced Metal Extractor to lock in team metal income.
  5. Eat Advanced Bot Lab and keep sending cons to Geo and Pond.

Phase by phase

TYPICAL OF ITS 1662 GAMES
  1. 1
  2. 2
  3. 3
  4. 4
PLAY THE OPENING

Follow the example game's first 6:00 step by step: what to build now, what comes next, and where it goes. At 1× it keeps pace with your own game.

  1. 1

    Up to the Bot Lab

    Economy
    • Metal Extractor3Mex
    • Wind Turbine4Wind
    Order
    1. Bot LabBot Lab after 3 mex, 4 winddone ~1:18, middle half 1:13–1:32

    Some games also: energy storage (32%)

    By 1:01 in all: 3 mex · 4 wind

    The example game in this phase · 4 steps
    1. Mex ×3
    2. Wind ×4
    3. Energy storage
    4. Bot LabBot Labdone 1:32 · typical 1:18
  2. 2

    Bot Lab to Advanced Bot Lab

    Economy
    • Metal Extractor1Mex
    • Wind Turbine8Wind
    • Energy Storage1Energy storage
    Order
    1. Advanced Bot LabAdvanced Bot Lab after 4 mex, 12 wind, 3 con turretdone ~4:16, middle half 4:04–4:30
    Builders
    • Construction Turret3 Con turret
    • Lazarus3 Lazarus
    • Construction Bot2 Con bot
    • Construction Bot1 Con bot for allies

    Some games also: converter (36%)

    By 3:18 in all: 4 mex · 12 wind · 1 energy storage · 3 con turret

    The example game in this phase · 19 steps
    1. Wind
    2. LazarusLazarus ×2
    3. Wind
    4. LazarusLazarus
    5. Construction BotCon bot ×3
    6. Construction BotCon botfor Air
    7. Con turret
    8. Mex
    9. Construction BotCon bot
    10. Wind
    11. Con turret
    12. Wind
    13. Converter ×2
    14. Wind
    15. Converter
    16. Wind ×2
    17. Converter
    18. Wind
    19. Advanced Bot LabAdvanced Bot Labdone 4:36 · typical 4:16
  3. 3

    Advanced Bot Lab to 5:00

    Economy
    • Wind Turbine3Wind
    Order
    1. Bot LabEat Bot Lab
    Builders
    • Advanced Construction Bot1 T2 con bot for allies

    Some games also: converter (35%)

    By 5:00 in all: 4 mex · 15 wind · 1 converter · 1 energy storage · 3 con turret

    The example game in this phase · 7 steps
    1. Wind ×2
    2. Bot LabEat Bot Labreclaimed for its metal
    3. Wind ×6
    4. Advanced Construction BotT2 con botfor Geo
    5. Wind ×2
    6. Advanced Metal ExtractorT2 mexdone 5:34 · typical 5:28
    7. Wind
  4. 4

    5:00 to 10:00

    Economy
    • Wind Turbine43Wind
    • Energy Converter6Converter
    Builders
    • Butler9 Butler
    • Advanced Construction Bot4 T2 con bot for allies
    • Advanced Construction Bot1 T2 con bot

    Some games also: con turret (43%) · Butler for allies (37%)

    By 10:00 in all: 4 mex · 58 wind · 8 converter · 1 energy storage · 3 con turret

    The example game in this phase · 232 steps
    1. Wind ×3
    2. Advanced Construction BotT2 con botfor Air
    3. Wind ×3
    4. SharpshooterSniper botfor Ponddone 6:21
    5. Wind
    6. Advanced Metal ExtractorT2 mex
    7. Wind ×2
    8. Advanced Construction BotT2 con bot
    9. Advanced Construction BotT2 con botfor Beach sea
    10. Advanced Metal ExtractorT2 mex
    11. Advanced Construction BotT2 con botfor Geo sea
    12. Con turret
    13. Advanced Construction BotT2 con botfor Pond
    14. Advanced Metal ExtractorT2 mex
    15. GunslingerGunslingerfor Ponddone 8:25
    16. ButlerButler ×10
    17. Con turret
    18. Wind
    19. ButlerButler
    20. Wind ×13
    21. ButlerButler
    22. Wind ×5
    23. Converter
    24. Wind
    25. Con turret
    26. Wind
    27. Converter
    28. Wind ×6
    29. ButlerButlerfor Geo sea
    30. Converter
    31. Wind ×2
    32. Converter
    33. Wind ×7
    34. Converter
    35. ButlerButlerfor Geo sea
    36. Wind ×3
    37. Converter ×2
    38. Wind
    39. Con turret
    40. Wind ×3
    41. Converter
    42. Wind
    43. Converter
    44. Wind
    45. UmbrellaAnti-nukedone 12:17
    46. Wind ×3
    47. Converter
    48. Wind
    49. Converter
    50. Wind ×3
    51. Con turret
    52. Wind
    53. Converter
    54. Wind
    55. Converter
    56. Wind ×6
    57. Converter
    58. Wind ×4
    59. Converter
    60. Wind
    61. Con turret
    62. Wind
    63. Converter
    64. Wind ×7
    65. Converter
    66. Wind
    67. Con turret
    68. Wind
    69. Converter
    70. Wind ×3
    71. Converter
    72. Wind ×2
    73. Con turret
    74. Wind ×5
    75. Converter
    76. Wind ×2
    77. Converter
    78. Con turret
    79. Wind ×6
    80. Con turret
    81. Wind
    82. Converter
    83. Wind ×4
    84. Converter
    85. Wind
    86. Vehicle PlantVehicle Plantdone 12:44
    87. Metal storage
    88. Wind
    89. Converter
    90. Wind ×4
    91. SprinterSprinter
    92. Wind
    93. Converter
    94. Wind ×4
    95. Converter
    96. Wind ×2
    97. Converter
    98. Wind ×3
    99. SprinterSprinter
    100. Wind ×3
    101. Vehicle PlantVehicle Plantdone 12:59
    102. Converter
    103. Wind ×3
    104. BlitzBlitz
    105. Wind
    106. Converter
    107. Wind ×2
    108. BlitzBlitz
    109. Wind
    110. Converter
    111. Wind ×2
    112. BlitzBlitz ×2
    113. Wind ×3
    114. Converter
    115. Wind
    116. BlitzBlitz ×2
    117. Wind ×3
    118. BlitzBlitz
    119. Converter
    120. BlitzBlitz
    121. Wind
    122. BlitzBlitz
    123. Wind
    124. Advanced Bot LabEat Advanced Bot Labreclaimed for its metal
    125. Converter
    126. BlitzBlitz
    127. Wind
    128. BlitzBlitz ×3
    129. Converter
    130. Wind
    131. BlitzBlitz
    132. Wind
    133. BlitzBlitz
    134. Wind
    135. BlitzBlitz ×3
    136. Converter
    137. Wind ×2
    138. BlitzBlitz
    139. Wind
    140. WhistlerMissile truck
    141. Converter
    142. WhistlerMissile truck
    143. Wind
    144. Converter
    145. Wind
    146. BlitzBlitz
    147. Wind
    148. WhistlerMissile truck ×2
    149. Wind ×3
    150. Converter
    151. NettleNettle
    152. BlitzBlitz ×3
    153. Converter
    154. BlitzBlitz
    155. Wind ×2
    156. BlitzBlitz
    157. Wind
    158. BlitzBlitz ×2
    159. Wind
    160. BlitzBlitz
    161. Converter
    162. Wind
    163. BlitzBlitz
    164. Wind
    165. BlitzBlitz
    166. Wind
    167. BlitzBlitz ×2
    168. Converter
    169. Wind
    170. BlitzBlitz
    171. Wind
    172. Converter
    173. BlitzBlitz ×3
    174. Wind
    175. BlitzBlitz
    176. Wind
    177. BlitzBlitz
    178. Wind
    179. BlitzBlitz ×2
    180. Wind
    181. BlitzBlitz
    182. Converter
    183. Wind
    184. BlitzBlitz
    185. Wind
    186. BlitzBlitz ×2
    187. Converter
    188. Wind
    189. BlitzBlitz
    190. Wind
    191. BlitzBlitz
    192. Construction VehicleCon vehiclefor Pond
    193. Wind
    194. BlitzBlitz
    195. Converter
    196. Wind ×2
    197. BlitzBlitz ×2
    198. Converter
    199. Wind
    200. BlitzBlitz ×2
    201. Converter
    202. BlitzBlitz
    203. Wind ×2
    204. BlitzBlitz ×2
    205. Wind
    206. BlitzBlitz
    207. Wind ×2
    208. Converter
    209. Wind
    210. BlitzBlitz
    211. Converter
    212. Wind ×3
    213. Converter
    214. BlitzBlitz ×2
    215. Wind ×3
    216. Converter ×2
    217. BlitzBlitz
    218. Wind
    219. BlitzBlitz
    220. Wind ×2
    221. Converter
    222. Wind
    223. BlitzBlitz
    224. Wind ×2
    225. Converter ×2
    226. BlitzBlitz
    227. Wind ×3
    228. Converter
    229. Wind ×4
    230. Converter
    231. Wind ×2
    232. BlitzBlitz

Counts are medians over the build's games: half of them build more, half fewer. The example game is Gieds's (43 OS, 14/10/2026); pick another.

Team trades

IN AT LEAST 30% OF ITS GAMES

You hand over

  • Construction Bot1 Con bot to Airfirst at 2:23 · in 84% of games
  • Advanced Construction Bot5 T2 con bot to Air or Geo sea or Pondfirst at 4:51 · in 99% of games
  • Butler2 Butler to Geo sea or Beach sea or Pondfirst at 9:06 · in 42% of games

You get

  • Hercules1 Light transport from Airfirst at 4:01 · in 86% of games

How it plays out

Typical game of this build, running totals by minute

Metal produced

020k40k
0:005:0010:0015:00

metal

Enemy metal destroyed

050100150
0:005:0010:0015:00

metal

Own metal lost

050100150
0:005:0010:0015:00

metal

1977 games.

Show as table
ByMetal produced: This buildEnemy metal destroyed: This buildOwn metal lost: This build
1:0038300
2:0091500
3:00165400
4:00314400
5:00484600
6:00580300
7:00723300
8:00906900
9:001119900
10:001353800
11:001625700
12:001967700
13:002346000
14:0027328074
15:0031531105130
WHAT THE NUMBERS SAY

Standard Tech play barely fights at all early, instead pouring metal into T2 infrastructure and constructors for the team.

  • + Metal produced hits 31679 by 15:00, by far the highest of any role here.
  • + T2 factory reached in 97% of games by 4:15, fastest and most reliable T2 timing.
  • − Enemy metal destroyed stays at 0 through 10:00, no early offense at all.
  • − Own metal lost also near 0, showing total avoidance of combat risk.
THE EXAMPLE YOU ARE READING

Gieds

42.7 OS · 14/10/2026

Open source match ↗

1 received units
1956 metal received · 85271 energy received

Allied construction assistance is unknown. Timings are observations, not a promise of solo reproducibility.

Typical milestones

Bot Lab1:18Middle 50%: 1:13–1:32 · n=1977
Advanced Bot Lab4:16Middle 50%: 4:04–4:30 · n=1970
Advanced Metal Extractor5:28Middle 50%: 5:05–5:58 · n=1973

Played most by

Amrissa95games of this buildTheGeneraI70games of this buildAdeus57games of this buildEl_Turco56games of this buildKOT_45games of this build